 Dungeon Crawl Stone Soup version 0.31-a0-542-gdc2a67831c (webtiles) character file.

Game seed: 9226293636636272301

86 AdnanSaban the Trooper (level 4, -1/29 HPs)
             Began as a Gargoyle Fighter on Aug 14, 2023.
             Slain by Sigmund
             ... wielding a +2 vampiric scythe
              (2 damage)
             ... on level 3 of the Dungeon.
             The game lasted 00:01:57 (2219 turns).

AdnanSaban the Trooper (Gargoyle Fighter)           Turns: 2219, Time: 00:01:57

Health: -1/29      AC: 12    Str: 21    XL:     4   Next: 50%
Magic:  0/4        EV:  9    Int:  9    God:
Gold:   138        SH:  4    Dex:  9    Spells: 3/3 levels left

rFire   . . .        a - +0 flail
rCold   . . .        c - +0 buckler
rNeg    + . .        b - +0 scale mail
rPois   ∞            j - +0 helmet
rElec   +            (no cloak)
rCorr   .            f - +0 pair of gloves
SInv    .            (no boots)
Will    .....        l - amulet of guardian spirit Stlth
                     (no ring)
HPRegen 0.24/turn    (no ring)
MPRegen 0.09/turn

%: guardian spirit
@: no status effects
A: sickness immunity, AC +3, negative energy resistance 1, electricity
resistance, torment resistance 1, petrification resistance
a: no special abilities


You were on level 3 of the Dungeon.
You visited 1 branch of the dungeon, and saw 3 of its levels.

You collected 138 gold pieces.

Inventory:

Hand Weapons
 a - a +0 flail (weapon)
Armour
 b - a +0 scale mail (worn)
 c - a +0 buckler (worn)
 f - a +0 pair of gloves (worn)
 j - a +0 helmet (worn)
Jewellery
 l - an amulet of guardian spirit (around neck)
Scrolls
 h - a scroll of poison {unknown}
 i - a scroll of blinking {unknown}
 k - 2 scrolls of amnesia {unknown}
 m - a scroll of identify {unknown}
 n - a scroll of fog {unknown}
 o - a scroll of teleportation {unknown}
 p - a scroll of enchant weapon {unknown}
Potions
 d - a potion of might
 e - 2 potions of curing {unknown}
 g - 3 potions of brilliance {unknown}


   Skills:
 + Level 4.1 Fighting
 + Level 3.2 Maces & Flails
 + Level 3.7 Armour
 + Level 0.2 Dodging
 + Level 3.6 Shields


You had 3 spell levels left.
You didn't know any spells.
Your spell library contained the following spells:

 Spells                   Type           Power      Damage    Failure   Level
 Ensorcelled Hibernation  Hex/Ice        0%         N/A       90%         2
 Passwall                 Tmut/Erth      0%         N/A       90%         2
 Hailstorm                Conj/Ice       0%         3d3       99%         3
 Swiftness                Air            0%         N/A       99%         3
 Summon Ice Beast         Ice/Summ       0%         N/A       100%        4
 Simulacrum               Ice/Necr       0%         N/A       100%        6


Dungeon Overview and Level Annotations

Branches:
Dungeon (3/15)

Altars:

Annotations:
D:2 1 runed translucent door, Crazy Yiuf
D:3 1 transporter, Sigmund


Innate Abilities, Weirdness & Mutations

You are immune to sickness and miasma.
Your stone body is resilient. (AC +3)
You are immune to poison.
You resist negative energy. (rN+)
You are resistant to electric shocks. (rElec)
You are resistant to unholy torment.
You are immune to petrification.


Message History

No target in view!
No target in view!
No target in view!
No target in view!
No target in view!
No target in view!
No target in view!
Something hits you but does no damage.
You hit something. Something hits you but does no damage.
You closely miss something. Something hits you.
You barely miss something. Something hits you but does no damage.
You miss something. Something hits you.
You closely miss something. You thump something!
Something hits you but does no damage.
You barely miss something. Something hits you.
You hit something. You block something's attack.
You barely miss something.
You hear some strange, mumbled words.
Something tries to affect you, but you resist.
You miss something. You block something's attack.
You closely miss something. You block something's attack.
You thump something!
You hear some strange, mumbled words.
A magic dart appears from out of thin air!
The magic dart hits you.
You closely miss something. Something hits you but does no damage.
You miss something. Something hits you but does no damage.
You closely miss something. Something hits you.
You closely miss something. Something hits you!
* * * LOW HITPOINT WARNING * * *
You miss something. You closely miss something.
Something hits you but does no damage.
You completely miss something. You block something's attack.
You barely miss something. Something hits you!
* * * LOW HITPOINT WARNING * * *
You hit something but do no damage. Something hits you but does no damage.
You barely miss something. Something hits you.
* * * LOW HITPOINT WARNING * * *
You closely miss something. Something hits you.
You die...

.......###..#.........# ###..
.......###..#.8.....8.#######....
##.####....................##.#..
......+...#.....>..........##.#..
###..##...................)).....
##.......##..........######.###
###.................# #.#
#......#.8{....8..# #.### .
#..........@......######.... ..
#.....#'####...............#
...##.........#.....#######(...
.............#..<........##....#
.............##..)...###.##..#.#
.....................#.......#.#
.........!.........###.##.##.#.#
....#######........# #.......#..
.... #........# ##.########


There were no monsters in sight!

Vanquished Creatures
  2 adders (D:3)
  A worm (D:2)
  4 dart slugs
  An orc (D:3)
  5 ball pythons
  4 bats
  2 endoplasms (D:1)
  4 giant cockroaches
  6 hobgoblins
  5 kobolds
  2 quokkas (D:2)
  3 frilled lizards
  11 goblins
  4 rats
54 creatures vanquished.

Notes
Turn   | Place    | Note
-------+----------+-------------------------------------------
     0 | D:1      | AdnanSaban the Gargoyle Fighter began the quest for the
                  | Orb.
     0 | D:1      | Reached XP level 1. HP: 14/14 MP: 1/1
   113 | D:1      | Reached XP level 2. HP: 19/19 MP: 2/2
   122 | D:1      | You fall into a shaft and drop 1 floor!
   575 | D:1      | Reached XP level 3. HP: 21/23 MP: 3/3
  1527 | D:2      | Found a runed translucent door.
  1528 | D:2      | Noticed Crazy Yiuf
  1578 | D:3      | Found a transporter.
  1586 | D:3      | Noticed Sigmund
  1853 | D:3      | Reached XP level 4. HP: 26/29 MP: 4/4
  1855 | D:3      | Reached skill level 4 in Fighting
  2216 | D:3      | HP: 1/29 [something (8)]
  2219 | D:3      | Slain by Sigmund

Illustrated notes

Levels and vault maps discovered:
D:1:      dpeg_arrival_long_road, layout_rooms, nicolae_the_louvre
D:2:      layout_basic, serial_rivers, chequers_serial_rivers_room_a,
          chequers_serial_rivers_small_3, chequers_serial_rivers_micro_d,
          chequers_serial_rivers_room_b, uniq_crazy_yiuf_cottage
D:3:      gammafunk_steamed_eel, layout_basic, st_stairs_1, uniq_sigmund

Skill      XL: |  1  2  3  4 |
---------------+-------------+-----
Maces & Flails | 3 |  3.2
Fighting       | 4 |  4.1
Armour         | |  3.7
Dodging        | |  0.2
Shields        | |  3.6

Action                     |  1- 3 |  4- 6 || total
---------------------------+-------+-------++-------
  Melee: Flail             |   162 |    50 ||   212
 Armour: Scale mail        |   127 |    22 ||   149
  Dodge: Dodged            |   101 |    10 ||   111
  Block: Buckler           |    48 |     8 ||    56

Table legend: (Time is in decaauts)
 A = Elapsed time spent in this place.
 B = Non-inter-level travel time spent in this place.
 C = Inter-level travel time spent in this place.
 D = Time resting spent in this place.
 E = Time spent auto-exploring this place.
 F = Levels seen in this place.
 G = Mean time per level.
                   A        B        C        D        E       F      G
               +--------+--------+--------+--------+--------+-----+--------+
         Total |   2293 |   2089 |    204 |      0 |   1602 |   3 |  764.3 |
       Dungeon |   2293 |   2089 |    204 |      0 |   1602 |   3 |  764.3 |
               +--------+--------+--------+--------+--------+-----+--------+

Top non-repeatable levels by time:
     D:2: 1291 daAuts
     D:1: 637 daAuts
     D:3: 364 daAuts
